 Dungeon Crawl Stone Soup version 0.29.1-2-gbd0b4ee654 (webtiles) character file.

Game seed: 16493929537067707558

310 hawla the Firebug (level 7, -1/78 HPs)
             Began as a Meteoran Fire Elementalist on Nov 1, 2022.
             Slain by Pikel
             ... wielding a +2 whip of freezing
              (3 damage)
             ... on level 4 of the Dungeon on Nov 2, 2022.
             The game lasted 00:08:22 (1570 turns).

hawla the Firebug (Meteoran Fire Elementalist)      Turns: 1570, Time: 00:08:23

Health: -1/78      AC: 23    Str: 11    XL:     7   Next: 1%
Magic:  2/14       EV:  2    Int: 18    God:
Gold:   126        SH:  0    Dex: 14    Spells: 7/14 levels left

rFire   . . .      SeeInvis .   e - +0 dire flail (protect)
rCold   . . .      Faith    .   (shield currently unavailable)
rNeg    . . .      Spirit   .   (body armour currently unavailable)
rPois   +          Reflect  .   (helmet currently unavailable)
rElec   .          Harm     .   (cloak currently unavailable)
rCorr   .          Rampage  .   (gloves currently unavailable)
Will    .....      NoTele   +   (boots currently unavailable)
Stlth   +.........              (no amulet)
HPRegen 0.23/turn               (no ring)
MPRegen 0.14/turn               (no ring)

@: tree-form, glowing, invisible (but backlit and visible)
A: stationary, stasis, torment immunity, boosted hp, sense surroundings 1,
otherworldly, glowing, explore regen
a: no special abilities


You were on level 4 of the Dungeon.
You were a tree.
You visited 1 branch of the dungeon, and saw 4 of its levels.

You collected 126 gold pieces.

Inventory:

Hand Weapons
 e - a +0 dire flail of protection (weapon)
 m - a +4 quarterstaff of chaos
Armour
 a - a +0 robe (melded)
 n - a +0 cloak (melded)
 o - a +2 helmet (melded)
Magical Staves
 c - a staff of death
Scrolls
 f - 2 scrolls of identify
 j - a scroll of teleportation {unknown}
 k - a scroll of summoning {unknown}
Potions
 b - 2 potions of might
 d - a potion of attraction
 h - a potion of flight {unknown}
 i - a potion of invisibility
 l - a potion of lignification


   Skills:
 - Level 1.0 Fighting
 + Level 0.3 Staves
 - Level 3.0 Dodging
 - Level 1.6 Stealth
 - Level 4.3 Spellcasting
 + Level 2.0 Conjurations
 - Level 2.0 Necromancy
 + Level 5.9 Fire Magic
 - Level 2.0 Evocations


You had 7 spell levels left.
You knew the following spells:

 Your Spells              Type           Power      Damage    Failure   Level
a - Foxfire               Conj/Fire      72%        2x1d7     2%          1
b - Scorch                Fire           50%        2d7       1%          2
c - Flame Wave            Conj/Fire      18%        2d7       28%         4

Your spell library contained the following spells:

 Spells                   Type           Power      Damage    Failure   Level
 Conjure Flame            Conj/Fire      18%        6-21      9%          3
 Inner Flame              Hex/Fire       14%        N/A       13%         3
 Anguish                  Hex/Necr       3%         N/A       67%         4
 Enfeeble                 Hex            1%         N/A       100%        7


Dungeon Overview and Level Annotations

Branches:
Dungeon (4/15) Zot: 824
 Temple: D:4-7

Altars:

Annotations:
D:4 Pikel


Innate Abilities, Weirdness & Mutations

You are a tree.
Your roots penetrate the ground, keeping you stationary.
You cannot be teleported.
You are immune to unholy pain and torment.
Your maximum health is greatly increased.
Your equipment is partially melded.
You passively map a small area around you.
You are easily found by Zot.
You glow in the dark.
You regain HP and MP as you explore.


Message History

You become transparent, but the glow from your body prevents you from becoming completely invisible.
The quokka bites you but does no damage.
The iguana bites you.
* * * LOW HITPOINT WARNING * * *
The lemure hits you but does no damage. The iguana bites you.
* * * LOW HITPOINT WARNING * * *
Pikel hits you with a +2 whip of freezing.
* * * LOW HITPOINT WARNING * * *
Pikel freezes you.
* * * LOW HITPOINT WARNING * * *
You feel better. The quokka barely misses you. The iguana misses you.
The lemure hits you.
* * * LOW HITPOINT WARNING * * *
Pikel misses you. The iguana bites you!
* * * LOW HITPOINT WARNING * * *
It was a potion of lignification.
You turn into a tree.
Your +0 cloak melds into your body.
Your +2 helmet melds into your body.
Your +0 robe melds into your body.
Your roots penetrate the ground.
The quokka bites you but does no damage.
The lemure hits you but does no damage.
The iguana bites you but does no damage.
The iguana bites you.
* * * LOW HITPOINT WARNING * * *
Pikel barely misses you.
You closely miss Pikel.
Pikel is severely wounded.
The quokka bites you but does no damage.
The iguana bites you but does no damage.
The lemure barely misses you.
The iguana bites you but does no damage.
Pikel hits you but does no damage.
The quokka bites you but does no damage.
You closely miss Pikel.
Pikel is severely wounded.
The quokka bites you.
* * * LOW HITPOINT WARNING * * *
The lemure hits you but does no damage.
The iguana bites you but does no damage. x2
Pikel hits you with a +2 whip of freezing.
You die...

*##### ### * *
,....#####....
* *
#..5lK..... ,,
, , *
*#r♣K5g.... *
#l####.##. #)#
#$# , * *#.# ,
,,,, >.. , ,
... ,, * , ,
... , , ,
##### *


You could see Pikel, 2 lemures, 2 iguanas, a quokka, a goblin and a kobold.

Vanquished Creatures
  Sigmund (D:3)
  2 lemures (D:4)
  Crazy Yiuf (D:3)
  An orc priest (D:3)
  Ijyb (D:3)
  An adder (D:3)
  A worm (D:2)
  6 orcs (D:3)
  3 bats
  5 endoplasms
  3 giant cockroaches
  3 goblins
  4 hobgoblins
  5 kobolds
  4 ball pythons
  4 rats
45 creatures vanquished.

Vanquished Creatures (others)
  59 foxfires
  A fungus (D:3)
60 creatures vanquished.

Grand Total: 105 creatures vanquished

Notes
Turn   | Place    | Note
-------+----------+-------------------------------------------
     0 | D:1      | hawla the Meteoran Fire Elementalist began the quest for
                  | the Orb.
     0 | D:1      | Reached XP level 1. HP: 14/14 MP: 5/5
   208 | D:1      | Reached XP level 2. HP: 16/20 MP: 4/6
   239 | D:1      | Learned a level 2 spell: Scorch
   308 | D:1      | Found a faded altar of an unknown god.
   315 | D:1      | Reached skill level 1 in Evocations
   324 | D:1      | Reached skill level 1 in Necromancy
   324 | D:1      | Reached XP level 3. HP: 15/26 MP: 1/8
   498 | D:1      | Glimpsed the power of Zot.
   526 | D:2      | You fall into a shaft and drop 1 floor!
   685 | D:3      | Noticed Ijyb
   705 | D:3      | Killed Ijyb
   706 | D:3      | Reached XP level 4. HP: 18/33 MP: 7/9
   778 | D:3      | Reached skill level 4 in Fire Magic
   841 | D:3      | Noticed Sigmund
   844 | D:3      | Killed Sigmund
   845 | D:3      | Reached skill level 1 in Fighting
   845 | D:3      | Reached skill level 5 in Fire Magic
   845 | D:3      | Reached XP level 5. HP: 40/40 MP: 1/12
   845 | D:3      | Reached XP level 6. HP: 47/47 MP: 1/13
   850 | D:3      | Learned a level 4 spell: Flame Wave
   926 | D:3      | Identified the +1 leather armour of the Guilds {rN+}
  1411 | D:3      | Found a runed translucent door.
  1412 | D:3      | Noticed Crazy Yiuf
  1418 | D:3      | Killed Crazy Yiuf
  1469 | D:2      | Reached XP level 7. HP: 52/52 MP: 9/14
  1549 | D:4      | Noticed Pikel
  1560 | D:4      | Identified a scroll of acquirement
  1560 | D:4      | Acquired a +0 dire flail of protection
  1566 | D:4      | HP: 1/52 [Pikel/+2 whip of freezing (2)]
  1570 | D:4      | Slain by Pikel

Illustrated notes

Levels and vault maps discovered:
D:1:      saegor_arrival_simple_a, layout_basic,
          hellmonk_ecumenical_altar_blasted
D:2:      layout_basic, basic_altar, minmay_unequal
D:3:      layout_basic, nicolae_hexahallways, uniq_ijyb, uniq_sigmund,
          uniq_crazy_yiuf_cottage
D:4:      layout_loops_ring, makhleb_altar_promises_db, uniq_pikel

Skill      XL: |  1  2  3  4  5  6  7 |
---------------+----------------------+-----
Evocations     | 1 2 |  2.0
Necromancy     | 1 2 |  2.0
Spellcasting   | 3 4 |  4.3
Fire Magic     | 5 |  5.9
Fighting       | 1 |  1.0
Dodging        | 3 |  3.0
Conjurations   | 2 |  2.0
Staves         | |  0.3
Stealth        | |  1.6

Action                   |  1- 3 |  4- 6 |  7- 9 || total
-------------------------+-------+-------+-------++-------
Melee: Unarmed           |     5 |       |       ||     5
       Staff             |     9 |     7 |       ||    16
       Dire flail        |       |       |     6 ||     6
       Quarterstaff      |       |       |     2 ||     2
 Cast: Foxfire           |    30 |     1 |     7 ||    38
       Scorch            |     9 |    15 |     4 ||    28
       Flame Wave        |       |     1 |     1 ||     2
  Use: Potion            |     2 |       |     3 ||     5
       Scroll            |     2 |       |     1 ||     3
Armor: Robe              |    10 |     1 |     9 ||    20
       Skin              |       |       |    11 ||    11
Dodge: Dodged            |    23 |     6 |    21 ||    50
